 Dungeon Crawl Stone Soup version 0.26.1-11-gd32895ea62 (webtiles) character file.

Game seed: 7615494264508860296

73994 phalm the Destroyer (level 15, 0/84 HPs)
             Began as a Deep Elf Conjurer on Apr 29, 2021.
             Was a High Priest of Vehumet.
             Killed from afar by Happyhead's ghost (1 damage)
             ... with a magic dart
             ... on level 1 of the Orcish Mines.
             The game lasted 01:36:42 (31207 turns).

phalm the Destroyer (Deep Elf Conjurer)            Turns: 31207, Time: 01:36:42

Health: 0/84       AC: 13    Str:  6    XL:     15   Next: 5%
Magic:  4/32       EV: 18    Int: 30    God:    Vehumet [*****.]
Gold:   1034       SH:  5    Dex: 16    Spells: 2/36 levels left

rFire    + . .     SeeInvis .   s - +1 falchion of Paronay {chaos, rC+ rN++ Str+2 Dex-3}
rCold    + . .     Faith    .   T - +0 buckler
rNeg     + + .     Spirit   .   M - +1 leather armour of Tartarus {Dex+6}
rPois    +         Reflect  .   W - +1 helmet
rElec    +         Harm     .   V - +2 cloak
rCorr    .         Rampage  .   y - +0 pair of gloves
Will     +....     Clarity  +   (no boots)
Stlth    +++.......             (no amulet)
HPRegen  0.24/turn              P - ring of poison resistance
MPRegen  0.23/turn              m - ring of Poqil {rElec rF+ Stlth+}

@: no status effects
A: thin metallic scales 1, clarity
a: Renounce Religion


You were on level 1 of the Orcish Mines.
You worshipped Vehumet.
Vehumet was extremely pleased with you.
You visited 4 branches of the dungeon, and saw 22 of its levels.

You collected 1611 gold pieces.
You spent 577 gold pieces at shops.


Innate Abilities, Weirdness & Mutations

You are partially covered in thin metallic scales. (AC +2)
You possess an exceptional clarity of mind.


   Skills:
 + Level 6.3 Fighting
 + Level 6.9 Staves
 - Level 4.0 Armour
 + Level 9.5 Dodging
 - Level 2.4 Stealth
 - Level 4.0 Shields
 + Level 11.0 Spellcasting
 * Level 14.7 Conjurations
 - Level 5.0 Hexes
 - Level 8.0 Summonings
 - Level 8.0 Translocations
 + Level 4.0 Transmutations
 * Level 10.4 Fire Magic
 + Level 8.6 Evocations


You had 2 spell levels left.
You knew the following spells:

 Your Spells              Type           Power        Failure   Level
b - Fireball              Conj/Fire      37%          1%          5
d - Orb of Destruction    Conj           40%          2%          7
f - Inner Flame           Hex/Fire       58%          1%          3
m - Magic Dart            Conj           100%         0%          1
n - Iskenderun's Battles  Conj           81%          1%          5
r - Irradiate             Conj/Tmut      32%          1%          5
s - Searing Ray           Conj           100%         0%          2
B - Blink                 Tloc           N/A          1%          2
X - Iskenderun's Mystic   Conj/Tloc      71%          1%          4

Your spell library contained the following spells:

 Spells                   Type           Power        Failure   Level
 Lee's Rapid Deconstruct  Erth           8%           32%         5
 Beastly Appendage        Tmut           82%          1%          1
 Corona                   Hex            51%          1%          1
 Foxfire                  Conj/Fire      100%         1%          1
 Freeze                   Ice            64%          1%          1
 Shock                    Conj/Air       100%         1%          1
 Summon Small Mammal      Summ           100%         1%          1
 Call Imp                 Summ           59%          1%          2
 Slow                     Hex            46%          1%          2
 Wereblood                Tmut           41%          1%          2
 Call Canine Familiar     Summ           59%          1%          3
 Conjure Flame            Conj/Fire      75%          1%          3
 Dazzling Flash           Conj/Hex       100%         1%          3
 Mephitic Cloud           Conj/Pois/Air  46%          1%          3
 Portal Projectile        Hex/Tloc       100%         1%          3
 Static Discharge         Conj/Air       57%          1%          3
 Stone Arrow              Conj/Erth      100%         1%          3
 Summon Guardian Golem    Hex/Summ       53%          1%          3
 Fulminant Prism          Conj/Hex       33%          1%          4
 Sticky Flame             Conj/Fire      75%          1%          4
 Bolt of Magma            Conj/Fire/Erth 30%          1%          5
 Lightning Bolt           Conj/Air       28%          1%          5
 Starburst                Conj/Fire      37%          1%          6
 Spider Form              Tmut/Pois      14%          6%          3
 Cause Fear               Hex            23%          6%          4
 Summon Ice Beast         Ice/Summ       40%          9%          4
 Summon Lightning Spire   Summ/Air       40%          9%          4
 Iron Shot                Conj/Erth      28%          10%         6
 Spellforged Servitor     Conj/Summ      35%          11%         7
 Ozocubu's Armour         Ice            16%          14%         3
 Leda's Liquefaction      Hex/Erth       15%          17%         4
 Ice Form                 Ice/Tmut       28%          21%         4
 Blade Hands              Tmut           20%          24%         5
 Ignition                 Fire           34%          71%         8
 Shatter                  Erth           8%           100%        9
 Tornado                  Air            8%           100%        9

Inventory:

Hand Weapons
 s - the +1 falchion of Paronay (weapon) {chaos, rC+ rN++ Str+2 Dex-3}
   (You found it on level 2 of the Lair of Beasts)

   Each time it hits an enemy it has a different, random effect.
   It affects your strength (+2).
   It affects your dexterity (-3).
   It protects you from cold.
   It greatly protects you from negative energy.
Missiles
 f - 13 curare-tipped darts {=f}
 t - 38 poisoned darts
 C - 3 throwing nets {=f}
Armour
 y - a +0 pair of gloves (worn)
   (You found it on level 4 of the Dungeon)
 M - the +1 leather armour of Tartarus (worn) {Dex+6}
   (You found it on level 9 of the Dungeon)

   It affects your dexterity (+6).
 T - a +0 buckler (worn)
   (You found it on level 10 of the Dungeon)
 V - a +2 cloak (worn)
   (You found it on level 11 of the Dungeon)
 W - a +1 helmet (worn)
   (You found it on level 12 of the Dungeon)
Jewellery
 m - the ring of Poqil (right hand) {rElec rF+ Stlth+}
   (You bought it in a shop on level 11 of the Dungeon)

   [ring of stealth]

   It protects you from fire.
   It insulates you from electricity.
   It makes you more stealthy.
 G - an uncursed ring of willpower
   (You found it on level 10 of the Dungeon)
 L - an uncursed ring of flight
   (You found it on level 8 of the Dungeon)
 P - a ring of poison resistance (left hand)
   (You found it on level 5 of the Lair of Beasts)
 R - an uncursed ring of resist corrosion
   (You found it on level 10 of the Dungeon)
Wands
 j - a wand of enslavement (1)
   (You took it off an orc priest on level 5 of the Dungeon)
 p - a wand of flame (22)
   (You took it off Terence on level 3 of the Dungeon)
 v - a wand of paralysis (9)
   (You found it on level 2 of the Lair of Beasts)
 H - a wand of random effects (27)
   (You found it on level 9 of the Dungeon)
Scrolls
 b - 4 scrolls of amnesia {unknown}
 c - 3 scrolls of blinking {!r}
 g - 5 scrolls of fear
 i - 4 scrolls of magic mapping {!r}
 k - 15 scrolls of teleportation {@r4}
 o - 3 scrolls of fog
 D - 7 scrolls of remove curse {@r2}
 F - 2 scrolls of silence {unknown}
 K - 4 scrolls of immolation {!r!r}
Potions
 d - a potion of heal wounds {@q2}
 e - 6 potions of ambrosia
 h - 11 potions of curing {@q1}
 l - 3 potions of flight {unknown}
 n - 5 potions of might
 u - 2 potions of magic
 w - 2 potions of lignification {!q}
 B - 2 potions of mutation {!q}
 I - a potion of brilliance
 J - 2 potions of cancellation {unknown}
 N - 3 potions of haste {unknown}
 O - 3 potions of attraction {!q}
Miscellaneous
 r - a lightning rod (4/4)
   (You found it on level 2 of the Lair of Beasts)

Dungeon Overview and Level Annotations

Branches:
Dungeon (13/15)            Temple (1/1) D:5            Lair (6/6) D:10
 Shoals (0/4) Lair:4        Snake (0/4) Lair:2        Slime (0/5) Lair:5
    Orc (2/2) D:10
    Elf: Orc:2       Vaults: D:13-14

Altars:
Ashenzari
Cheibriados
Elyvilon
Fedhas
Gozag
Makhleb
Nemelex Xobeh
Okawaru
Qazlal
Sif Muna
Trog
Uskayaw
Vehumet
Xom
The Shining One
Beogh

Shops:
D:11 =   Orc:1 =   Orc:2 [

Annotations:
D:10 1 runed translucent door
Orc:1 Happyhead's ghost, journeyman DrCj

#...'.....# #........###
##..#.8.8.) ##.........##
#...#.#.#.. #...........#
###.(.#...... #....#......##
#.((..#########.#####.....#.
###.#mW.####.).)..####..#..#
####..)#.)..#....#....####
##...)...)##........#
#....o.@.)##.......##
##....))#####.#....#
###....# ####..## #.).##
#.### ##.## #.# ### ###


You could see a merfolk javelineer, an orc knight and Happyhead's ghost.


Message History

😨 HP[+2] MP[-1]
You now have 84 max hp (+4).
You regained 2 hp, and now have 37/84 hp.
Casting: Iskenderun's Mystic Blast (safe; 1% risk of failure)
Confirm with . or Enter, or press ? or * to list all spells.
You erupt in a blast of force!
The mystic blast hits the tengu warrior!
The tengu warrior is knocked back by the mystic blast.
The tengu warrior slams into the metal wall!
The mystic blast hits the merfolk javelineer!!
The merfolk javelineer is knocked back by the mystic blast.
The mystic blast hits the orc warrior!
You kill the orc warrior!
Vehumet accepts your kill.
You feel your power returning.
The mystic blast hits the orc knight!
The orc knight is knocked back by the mystic blast.
The mystic blast hits the orc knight.
The orc knight is knocked back by the mystic blast.
The orc knight collides with the tengu warrior! 😨 MP[-1]
You lost 1 mp, and now have 13/31 mp.
Casting: Iskenderun's Mystic Blast (safe; 1% risk of failure)
Confirm with . or Enter, or press ? or * to list all spells.
Aiming: Fireball (mildly dangerous; 1% risk of failure)
Press: ? - help, Shift-Dir - straight line, f - orc knight
Aim: an orc knight, wielding a +2 dire flail and wearing a +0 chain mail (moderately wounded)
The fireball explodes!
The fireball engulfs the orc knight!!
The fireball engulfs Happyhead's ghost.
The fireball engulfs the tengu warrior!!
You kill the tengu warrior!
Vehumet accepts your kill.
You feel your power returning. Happyhead's ghost casts a spell at you.
The sting hits you.
You are poisoned.
You partially resist.
* * * LOW HITPOINT WARNING * * *
The merfolk javelineer throws a javelin.
The javelin closely misses you. 😨 HP[-1] MP[-1]
You take 1 damage, and now have 36/84 hp.
You lost 1 mp, and now have 12/31 mp.
Press: ? - help, v - describe, . - travel, g - get item
Here: an orc knight, wielding a +2 dire flail and wearing a +0 chain mail (severely wounded)
Items here: ( )) [.
The floor, spattered with blood.
Casting: Fireball (mildly dangerous; 1% risk of failure)
Confirm with . or Enter, or press ? or * to list all spells.
Aiming: Fireball (mildly dangerous; 1% risk of failure)
Press: ? - help, Shift-Dir - straight line, f/p - orc knight
Aim: an orc knight, wielding a +2 dire flail and wearing a +0 chain mail (severely wounded)
The fireball explodes!
The fireball engulfs the orc knight!!
You kill the orc knight!
Vehumet accepts your kill.
You feel your power returning.
The fireball engulfs Happyhead's ghost!!
You feel sick.
Your Spellcasting skill increases to level 11! 😨 MP[-3]
You lost 3 mp, and now have 9/32 mp.
Casting: Fireball (mildly dangerous; 1% risk of failure)
Confirm with . or Enter, or press ? or * to list all spells.
You erupt in a blast of force!
The mystic blast hits the orc knight but does no damage.
The mystic blast hits Happyhead's ghost.
Happyhead's ghost is knocked back by the mystic blast.
The merfolk javelineer throws a javelin.
The javelin pierces through you.
* * * LOW HITPOINT WARNING * * *
😨 HP[-2] MP[-4]
You take 2 damage, and now have 34/84 hp.
You lost 4 mp, and now have 5/32 mp.
Casting: Iskenderun's Mystic Blast (safe; 1% risk of failure)
Confirm with . or Enter, or press ? or * to list all spells.
You erupt in a blast of force!
The mystic blast hits Happyhead's ghost but does no damage.
The merfolk javelineer throws a javelin.
The javelin pierces through you!!
* * * LOW HITPOINT WARNING * * *
😱 HP[-25] MP[-4]
You take 25 damage, and now have 9/84 hp.
MASSIVE DAMAGE!! (PAUSE)
You lost 4 mp, and now have 1/32 mp. 😱 MP[+1]
You feel sick.
You are no longer poisoned.
Things that are here:
a +0 dagger; a +0 robe 😱 MP[+1] 😱 HP[+1]
Things that are here:
a +0 war axe; a +0 chain mail; an orc skeleton Happyhead's ghost gestures at you while chanting.
The magic dart hits you!
* * * LOW HITPOINT WARNING * * *
😱 HP[-9]
You take 9 damage, and now have 1/84 hp.
Happyhead's ghost points at you and mumbles some strange words.
The magic dart hits you.
You die...

Skill      XL: |  1  2  3  4  5  6  7  8  9 10 11 12 13 14 15 |
---------------+----------------------------------------------+-----
Conjurations   | 5 6 7 8 10 11 12 13 14 | 14.7
Translocations | 2 3 5 7 8 |  8.0
Evocations     | 1 2 3 4 5 6 7 8 |  8.6
Spellcasting   | 4 5 6 8 9 10 11 | 11.0
Fighting       | 1 2 3 4 5 6 |  6.3
Armour         | 1 2 3 4 |  4.0
Dodging        | 4 5 6 7 8 9 |  9.5
Shields        | 2 3 4 |  4.0
Fire Magic     | 2 3 4 6 8 10 | 10.4
Hexes          | 1 3 4 5 |  5.0
Summonings     | 1 3 4 5 7 8 |  8.0
Staves         | 2 3 4 5 6 |  6.9
Transmutations | 1 4 |  4.0
Stealth        | |  2.4

Action                   |  1- 3 |  4- 6 |  7- 9 | 10-12 | 13-15 || total
-------------------------+-------+-------+-------+-------+-------++-------
Melee: Short sword       |     1 |       |    12 |     2 |       ||    15
       Club              |       |     3 |     9 |       |       ||    12
       Falchion          |       |       |       |       |    12 ||    12
Throw: Dart              |       |       |       |       |     9 ||     9
       Throwing net      |       |       |       |       |     1 ||     1
 Cast: Magic Dart        |    90 |    87 |   232 |   200 |   300 ||   909
       Searing Ray       |     2 |    10 |    55 |   133 |   106 ||   306
       Iskenderun's Myst |       |       |       |    23 |    44 ||    67
       Fireball          |       |       |       |    12 |    34 ||    46
       Iskenderun's Batt |       |       |       |    17 |    74 ||    91
       Inner Flame       |       |       |       |     1 |       ||     1
       Irradiate         |       |       |       |       |     3 ||     3
       Orb of Destructio |       |       |       |       |     9 ||     9
       Blink             |       |       |       |       |     1 ||     1
Evoke: Wand              |       |       |     2 |     5 |     8 ||    15
  Use: Scroll            |       |       |    11 |     7 |     8 ||    26
       Potion            |       |       |     1 |     1 |       ||     2
 Stab: Sleeping          |     1 |     1 |       |     2 |       ||     4
Armor: Robe              |     1 |     3 |    16 |     5 |       ||    25
       Ring mail         |       |       |       |    22 |       ||    22
       Leather armour    |       |       |       |    29 |    39 ||    68
Dodge: Dodged            |     9 |    12 |    35 |   139 |   126 ||   321
Block: Buckler           |       |       |       |    39 |    38 ||    77
       Rpst.: Falchion   |       |       |       |       |    32 ||    32

Levels and vault maps discovered:
D:1:      lordsloth_arrival_two_stooges, layout_basic,
          chequers_serial_rivers_micro_e
D:2:      layout_basic, minmay_heptomino_l4
D:3:      layout_loops_ring, nicolae_ashenzari_panopticon,
          lemuel_coloured_pillars_altar, uniq_jessica, uniq_grinder,
          uniq_terence
D:4:      layout_basic, cheibriados_altar_1
D:5:      layout_basic, lightli_temple_of_fire, lemuel_round_altar,
          minmay_temple_entry_statues_pillars, uniq_blork_the_orc
D:6:      layout_rooms, uniq_sigmund, uniq_menkaure
D:7:      layout_loops_ring, nicolae_qazlal_style_of_elements, solitary_fountain
D:8:      layout_loops_corners, lemuel_round_altar, gammafunk_ghost_stat_death,
          supply_closet_lemuel, small_chamber_with_monster
D:9:      layout_cave_pools, kennysheep_mini, xom_butterflies
D:10:     minmay_the_grid_triangle_9x9_rhombus_full
          [minmay_the_grid_triangle_9x9_flanged_cone,
          minmay_the_grid_triangle_9x9_shrine,
          minmay_the_grid_triangle_9x9_corruption,
          minmay_the_grid_triangle_9x9_swiss_cheese,
          minmay_the_grid_triangle_9x9_longest,
          minmay_the_grid_triangle_9x9_from_above,
          minmay_the_grid_triangle_9x9_subtriangle,
          minmay_the_grid_triangle_9x9_prize_schism], layout_rooms,
          erik_lair_orcish_takeover, minmay_fractal_squares_diagonal_5,
          uniq_erica
D:11:     layout_rooms, nicolae_trove_entry_free_sample, serial_shops, shop,
          bloody_trog, uniq_nergalle
D:12:     layout_stronghold, uniq_frances, uniq_urug
D:13:     layout_loops_ring, hangedman_vaults_entry_quadrant_bands,
          serial_glass, glass_columns_a, glass_columns_a
Temple:   nicolae_temple_figure_eight
Lair:1:   layout_layer_cave, uniq_sonja
Lair:2:   layout_loops_ring, minmay_snake_entry_guardpost_large,
          minmay_shattered_shrine
Lair:3:   layout_chaotic_city, chequers_serial_rivers_room_a,
          infiniplex_staircase_pool
Lair:4:   layout_regular_city, elwin_shoals_entry_stream,
          bh_autumn_forest_stairs, beast_lair_carwin_1
Lair:5:   layout_cave_pods, minmay_slime_entry_pillars,
          chequers_serial_rivers_small_a, chequers_serial_rivers_micro_e,
          beast_lair_carwin_4
Lair:6:   grunt_lair_end_beastmaster, layout_hall_layers
Orc:1:    layout_diamond_mine, basic_altar, gammafunk_ghost_fury_of_okawaru,
          serial_shops, nicolae_shop_trees
Orc:2:    grunt_orc_gardens, layout_diamond_mine, grunt_orc_garden,
          grunt_orc_garden, grunt_orc_garden, grunt_orc_garden, mines3_lemuel

Notes
Turn   | Place    | Note
-------+----------+-------------------------------------------
     0 | D:1      | phalm the Deep Elf Conjurer began the quest for the Orb.
     0 | D:1      | Reached XP level 1. HP: 10/10 MP: 6/6
     0 | D:1      | magus.rc [v1.9.10]
   266 | D:1      | Reached XP level 2. HP: 15/15 MP: 5/8
   269 | D:1      | Learned a level 2 spell: Searing Ray
   365 | D:1      | Reached skill level 5 in Conjurations
   499 | D:1      | Reached XP level 3. HP: 19/19 MP: 3/9
  1421 | D:2      | Reached skill level 6 in Conjurations
  1853 | D:2      | Reached XP level 4. HP: 24/24 MP: 7/10
  3094 | D:3      | Noticed Terence
  3100 | D:3      | Killed Terence
  3265 | D:3      | Reached skill level 7 in Conjurations
  3265 | D:3      | Reached XP level 5. HP: 28/28 MP: 7/11
  3335 | D:3      | Learned a level 4 spell: Iskenderun's Mystic Blast
  3373 | D:3      | Found a broken altar of Ashenzari.
  3515 | D:3      | Found an opulent altar of Gozag.
  3706 | D:3      | Noticed Jessica
  3843 | D:3      | Killed Jessica
  3844 | D:3      | Reached skill level 1 in Translocations
  4148 | D:3      | Noticed Grinder
  4157 | D:3      | Killed Grinder
  4158 | D:3      | Reached skill level 2 in Translocations
  4158 | D:3      | Reached skill level 1 in Evocations
  4158 | D:3      | Reached XP level 6. HP: 32/32 MP: 4/13
  4400 | D:4      | Reached skill level 3 in Translocations
  4430 | D:4      | Reached skill level 4 in Spellcasting
  4430 | D:4      | Reached XP level 7. HP: 27/36 MP: 1/15
  4588 | D:4      | Found a snail-covered altar of Cheibriados.
  4597 | D:4      | Reached skill level 8 in Conjurations
  5140 | D:5      | Entered Level 5 of the Dungeon
  5185 | D:5      | Gained mutation: You possess an exceptional clarity of
                  | mind. [potion of mutation]
  5185 | D:5      | Gained mutation: You are partially covered in thin metallic
                  | scales. (AC +2) [potion of mutation]
  5249 | D:5      | Reached skill level 4 in Translocations
  5578 | D:5      | HP: 8/36 [orc priest/divine providence (17)]
  5580 | D:5      | Reached skill level 5 in Spellcasting
  5931 | D:5      | Found a white marble altar of Elyvilon.
  6010 | D:5      | Found a staircase to the Ecumenical Temple.
  6019 | Temple   | Entered the Ecumenical Temple
  6084 | Temple   | Became a worshipper of Vehumet
  6116 | D:5      | Reached skill level 5 in Translocations
  6116 | D:5      | Reached XP level 8. HP: 41/41 MP: 12/17
  6160 | D:5      | Reached skill level 9 in Conjurations
  6483 | D:5      | Noticed Blork the orc
  6489 | D:5      | Killed Blork the orc
  6490 | D:5      | Reached skill level 6 in Translocations
  6783 | D:5      | Found a bloodstained altar of Trog.
  7243 | D:6      | HP: 7/41 [acid (15)]
  7294 | D:6      | HP: 10/41 [bullfrog (3)]
  7296 | D:6      | Reached skill level 10 in Conjurations
  7296 | D:6      | Reached skill level 7 in Translocations
  7329 | D:6      | Noticed Sigmund
  7565 | D:6      | Noticed Menkaure
  7570 | D:6      | Killed Menkaure
  7571 | D:6      | Reached skill level 2 in Evocations
  7914 | D:6      | Reached * piety under Vehumet
  7914 | D:6      | Offered knowledge of Foxfire by Vehumet.
  7934 | D:6      | Reached XP level 9. HP: 44/46 MP: 7/19
  8186 | D:6      | Killed Sigmund
  8187 | D:6      | Reached skill level 1 in Fighting
  8187 | D:6      | Reached skill level 1 in Armour
  8187 | D:6      | Reached skill level 3 in Dodging
  8187 | D:6      | Reached skill level 1 in Shields
  8187 | D:6      | Reached skill level 1 in Fire Magic
  8742 | D:7      | You pick up a book of Callings and begin reading...
  8742 | D:7      | You add the spells Summon Small Mammal, Call Imp, Call
                  | Canine Familiar, Summon Guardian Golem, Summon Lightning
                  | Spire and Summon Ice Beast to your library.
  8993 | D:7      | You fall into a shaft and drop 2 floors!
  9029 | D:9      | You pick up a book of Debilitation and begin reading...
  9029 | D:9      | You add the spells Corona, Slow, Inner Flame, Portal
                  | Projectile, Cause Fear and Leda's Liquefaction to your
                  | library.
  9070 | D:9      | Reached skill level 3 in Evocations
  9186 | D:9      | magus.rc [v1.9.10]
  9249 | D:9      | Reached skill level 1 in Hexes
  9319 | D:9      | Found a glowing golden altar of the Shining One.
  9384 | D:8      | Reached skill level 6 in Spellcasting
  9384 | D:8      | Reached skill level 1 in Summonings
  9384 | D:8      | Reached skill level 2 in Fire Magic
  9755 | D:8      | Found a transporter.
  9756 | D:8      | Noticed 0gre's ghost (novice GnIE)
  9896 | D:7      | Offered knowledge of Freeze by Vehumet.
  9954 | D:7      | Reached ** piety under Vehumet
 10191 | D:7      | Found a stormy altar of Qazlal.
 10241 | D:7      | Reached skill level 4 in Dodging
 10241 | D:7      | Reached skill level 2 in Shields
 10241 | D:7      | Reached XP level 10. HP: 53/53 MP: 14/21
 10451 | D:7      | Reached skill level 2 in Fighting
 10451 | D:7      | Reached skill level 2 in Armour
 11009 | D:8      | Reached skill level 2 in Hexes
 11238 | D:8      | Found a transporter.
 11403 | D:8      | Reached skill level 11 in Conjurations
 11403 | D:8      | Offered knowledge of Conjure Flame by Vehumet.
 11539 | D:8      | Noticed a two-headed ogre
 11549 | D:8      | Killed a two-headed ogre
 11550 | D:8      | Reached skill level 1 in Staves
 11550 | D:8      | Reached skill level 2 in Summonings
 11550 | D:8      | Reached skill level 8 in Translocations
 11550 | D:8      | Reached skill level 3 in Fire Magic
 11696 | D:8      | Found a burning altar of Makhleb.
 12002 | D:9      | Found a shimmering altar of Xom.
 12234 | D:9      | Reached skill level 3 in Hexes
 12311 | D:9      | Reached *** piety under Vehumet
 12426 | D:9      | Got a twisted leather armour
 12687 | D:10     | Entered Level 10 of the Dungeon
 12692 | D:10     | Reached skill level 4 in Evocations
 12703 | D:10     | Reached skill level 2 in Staves
 12703 | D:10     | Reached skill level 3 in Summonings
 12936 | D:10     | Offered knowledge of Ignite Poison by Vehumet.
 12941 | D:10     | Learned a level 3 spell: Inner Flame
 13112 | D:10     | Noticed Erica
 13119 | D:10     | Killed Erica
 13120 | D:10     | Reached skill level 5 in Dodging
 13247 | D:10     | Reached XP level 11. HP: 46/59 MP: 23/23
 13284 | D:10     | Reached skill level 7 in Spellcasting
 13425 | D:10     | Found a staircase to the Lair.
 13494 | D:10     | Found a staircase to the Orcish Mines.
 13560 | D:10     | Reached skill level 3 in Armour
 13561 | D:10     | Reached skill level 3 in Shields
 13566 | D:10     | Reached skill level 3 in Fighting
 13566 | D:10     | Reached skill level 4 in Fire Magic
 13791 | D:10     | Found a blossoming altar of Fedhas.
 13811 | D:10     | Found a runed translucent door.
 13927 | D:10     | Reached **** piety under Vehumet
 13978 | D:10     | Noticed a centaur warrior
 13986 | D:10     | Killed a centaur warrior
 13988 | D:10     | Offered knowledge of Fireball by Vehumet.
 13989 | D:10     | Reached skill level 5 in Evocations
 13996 | D:10     | Learned a level 5 spell: Fireball
 14003 | D:10     | Reached skill level 3 in Staves
 14003 | D:10     | Reached skill level 4 in Hexes
 14003 | D:10     | Reached skill level 4 in Summonings
 14134 | D:10     | You pick up a book of the Tempests and begin reading...
 14134 | D:10     | You add the spells Static Discharge, Lightning Bolt,
                  | Ignition, Tornado and Shatter to your library.
 14136 | D:10     | You pick up a book of Flames and begin reading...
 14136 | D:10     | You add the spells Foxfire, Conjure Flame and Sticky Flame
                  | to your library.
 14140 | D:10     | Identified Sif Muna's Disquisition on Congealing
                  | Conjuration
 14141 | D:10     | You add the spells Shock, Freeze, Stone Arrow, Ozocubu's
                  | Armour and Starburst to your library.
 14144 | D:10     | You pick up a book of Power and begin reading...
 14144 | D:10     | You add the spells Iskenderun's Battlesphere, Bolt of
                  | Magma, Iron Shot, Orb of Destruction and Spellforged
                  | Servitor to your library.
 14368 | D:10     | Identified the +1 leather armour of Tartarus {Dex+6} (You
                  | found it on level 9 of the Dungeon)
 14496 | D:8      | Killed 0gre's ghost
 14734 | D:11     | Found a bloodstained altar of Trog.
 14778 | D:11     | Noticed a cyan ugly thing
 14786 | D:11     | Noticed Nergalle
 14955 | D:11     | Found a portal to a secret trove of treasure.
 14960 | D:11     | You pick up a book of Conjurations and begin reading...
 15019 | D:11     | Killed Nergalle
 15020 | D:11     | Reached skill level 12 in Conjurations
 15035 | D:11     | Killed a cyan ugly thing
 15036 | D:11     | Reached skill level 6 in Dodging
 15263 | D:11     | Noticed a two-headed ogre
 15273 | D:11     | Killed a two-headed ogre
 15478 | D:11     | Found Hutoacun's Jewellery Shop.
 15503 | D:11     | Got a faintly humming chain mail
 15514 | D:11     | Identified the +8 chain mail "Zurral" {rC+ rCorr} (You
                  | found it on level 11 of the Dungeon)
 15553 | D:11     | Noticed a two-headed ogre
 15564 | D:11     | Killed a two-headed ogre
 15565 | D:11     | Reached skill level 8 in Spellcasting
 15699 | D:11     | Bought the ring of Poqil {rElec rF+ Stlth+} for 577 gold
                  | pieces
 15774 | D:11     | Reached XP level 12. HP: 66/66 MP: 15/26
 15781 | D:11     | Reached ***** piety under Vehumet
 15796 | D:11     | Noticed a centaur warrior
 15893 | D:11     | Offered knowledge of Conjure Ball Lightning by Vehumet.
 16135 | D:11     | Killed a centaur warrior
 16136 | D:11     | Reached skill level 5 in Hexes
 16136 | D:11     | Reached skill level 5 in Fire Magic
 16252 | D:11     | Learned a level 5 spell: Iskenderun's Battlesphere
 16448 | D:12     | Noticed Urug
 16457 | D:12     | Killed Urug
 16719 | D:12     | You pick up a book of Minor Magic and begin reading...
 16719 | D:12     | You add the spells Blink and Mephitic Cloud to your
                  | library.
 16723 | D:12     | Learned a level 2 spell: Blink
 17031 | D:12     | Reached skill level 4 in Shields
 17285 | D:12     | Noticed Frances
 17299 | D:12     | Killed Frances
 17300 | D:12     | Reached skill level 4 in Fighting
 17300 | D:12     | Reached skill level 4 in Staves
 17300 | D:12     | Reached skill level 4 in Armour
 17300 | D:12     | Reached skill level 5 in Summonings
 17461 | D:12     | Reached skill level 6 in Evocations
 17504 | D:12     | You fall into a shaft and drop 1 floor!
 17934 | D:13     | Reached skill level 7 in Dodging
 17934 | D:13     | Reached skill level 6 in Fire Magic
 18009 | D:13     | Noticed a centaur warrior
 18021 | D:13     | Killed a centaur warrior
 18455 | D:13     | HP: 14/67 [spore (25)]
 19135 | Lair:1   | Entered Level 1 of the Lair of Beasts
 19210 | Lair:1   | Reached skill level 13 in Conjurations
 19328 | Lair:1   | Reached skill level 9 in Spellcasting
 19678 | Lair:1   | Reached XP level 13. HP: 63/72 MP: 15/28
 19920 | Lair:1   | Noticed Sonja
 19925 | Lair:1   | Killed Sonja
 19926 | Lair:1   | Reached skill level 7 in Fire Magic
 20770 | Lair:2   | Reached skill level 6 in Summonings
 20965 | Lair:2   | Reached skill level 5 in Staves
 21163 | Lair:2   | Got a crystal falchion
 21169 | Lair:2   | Identified the cursed +1 falchion of Paronay {chaos, rC+
                  | rN++ Str+2 Dex-3} (You found it on level 2 of the Lair of
                  | Beasts)
 21759 | Lair:2   | Reached skill level 7 in Evocations
 22145 | Lair:2   | Reached skill level 5 in Fighting
 22152 | Lair:2   | Reached skill level 8 in Dodging
 22152 | Lair:2   | HP: 18/72 [poisoned by a black mamba]
 22157 | Lair:2   | HP: 15/72 [poisoned by a black mamba]
 22163 | Lair:2   | HP: 14/72 [poisoned by a black mamba]
 22169 | Lair:2   | HP: 13/72 [poisoned by a black mamba]
 22177 | Lair:2   | HP: 13/72 [poisoned by a black mamba]
 22753 | Lair:2   | Found a staircase to the Snake Pit.
 22797 | Lair:2   | Reached skill level 8 in Fire Magic
 23047 | Lair:2   | Found the +8 trident of the Octopus King {venom, rElec
                  | rPois Will+}
 23059 | Lair:2   | You pick up a book of Changes and begin reading...
 23059 | Lair:2   | You add the spells Beastly Appendage, Wereblood, Spider
                  | Form, Ice Form and Blade Hands to your library.
 24402 | Lair:3   | Offered knowledge of Irradiate by Vehumet.
 24409 | Lair:3   | Learned a level 5 spell: Irradiate
 25129 | Lair:4   | Reached skill level 10 in Spellcasting
 25226 | Lair:4   | Reached skill level 1 in Transmutations
 25448 | Lair:4   | Reached skill level 7 in Summonings
 25448 | Lair:4   | Reached XP level 14. HP: 72/78 MP: 20/30
 25851 | Lair:4   | Reached skill level 6 in Staves
 25889 | Lair:4   | Reached skill level 14 in Conjurations
 26028 | Lair:4   | Found a staircase to the Shoals.
 26040 | Lair:4   | Reached skill level 9 in Fire Magic
 26560 | Lair:5   | Reached skill level 2 in Transmutations
 26728 | Lair:5   | Reached skill level 8 in Evocations
 27076 | Lair:5   | HP: 17/79 [death yak (14)]
 27078 | Lair:5   | Reached skill level 9 in Dodging
 27418 | Lair:5   | Found a staircase to the Slime Pits.
 27500 | Lair:5   | HP: 12/79 [large slime creature (30)]
 28156 | Lair:5   | Reached skill level 3 in Transmutations
 28565 | Lair:5   | Reached skill level 6 in Fighting
 29395 | Lair:5   | Got a spiked scale mail
 29445 | Lair:5   | Identified the cursed +1 scale mail of Inviolability {rElec
                  | Int+4} (You found it on level 5 of the Lair of Beasts)
 29506 | Lair:6   | Entered Level 6 of the Lair of Beasts
 29519 | Lair:6   | Offered knowledge of Lee's Rapid Deconstruction by Vehumet.
 29529 | Lair:6   | Learned a level 7 spell: Orb of Destruction
 29627 | Lair:6   | Reached skill level 10 in Fire Magic
 30054 | Orc:1    | Entered Level 1 of the Orcish Mines
 30054 | Orc:1    | Found Dogit's Jewellery Shop.
 30071 | Orc:1    | Noticed a stone giant
 30077 | Orc:1    | Killed a stone giant
 30191 | Orc:1    | Found a roughly hewn altar of Beogh.
 30287 | Orc:2    | Entered Level 2 of the Orcish Mines
 30287 | Orc:2    | Found Biozijue's Antique Armour Shoppe.
 30962 | Orc:1    | Reached skill level 8 in Summonings
 31095 | Orc:1    | Found a runed translucent gate.
 31095 | Orc:1    | Found a runed translucent gate.
 31095 | Orc:1    | Found a runed translucent gate.
 31095 | Orc:1    | Noticed Happyhead's ghost (journeyman DrCj)
 31096 | Orc:1    | Found an iron altar of Okawaru.
 31194 | Orc:1    | Reached skill level 4 in Transmutations
 31194 | Orc:1    | Reached XP level 15. HP: 37/84 MP: 14/31
 31197 | Orc:1    | Reached skill level 11 in Spellcasting
 31198 | Orc:1    | HP: 9/84 [merfolk javelineer/javelin (25)]
 31206 | Orc:1    | HP: 1/84 [Happyhead's ghost/magic dart (9)]
 31207 | Orc:1    | Killed from afar by Happyhead's ghost

Vanquished Creatures
  Frances (D:12)
  A stone giant (Orc:1)
  A merfolk javelineer (Orc:1)
  2 ettins (Orc:2)
  2 hydras
  3 boulder beetles
  3 centaur warriors
  A catoblepas (Lair:5)
  Erica (D:10)
  A tengu warrior (Orc:1)
  3 two-headed ogres
  11 death yaks
  The ghost of 0gre the Frost Mage, a novice GnIE of Vehumet (D:8)
  Sonja (Lair:1)
  Nergalle (D:11)
  Urug (D:12)
  2 deep elf knights
  A deep elf archer (Orc:1)
  4 orc knights
  A lindwurm (Lair:2)
  An ugly thing (D:11)
  2 oklob plants
  2 manticores
  3 deep elf magi (D:13)
  6 cyclopes
  An elephant (Lair:2)
  7 black mambas
  2 torpor snails (Lair:3)
  2 merfolk sirens (Lair:4)
  10 cane toads
  A rime drake (Lair:5)
  13 komodo dragons
  A kobold demonologist (D:13)
  2 merfolk (Lair:4)
  2 trolls
  Grinder (D:3)
  4 polar bears
  3 slime creatures
  19 blink frogs
  63 yaks
  A vampire (D:13)
  Sigmund (D:6)
  A wraith (D:10)
  8 wyverns
  4 basilisks
  A golden eye (shapeshifter) (D:10)
  A steam dragon (D:8)
  12 water moccasins
  8 nagas (Lair:2)
  3 wargs
  Menkaure (D:6)
  8 ice beasts
  4 phantoms
  4 black bears
  14 orc warriors
  2 sky beasts
  An eye of draining (D:10)
  10 ogres
  6 wolves (Lair:3)
  9 centaurs
  3 necrophages
  A big kobold (D:9)
  Blork the orc (D:5)
  A wyvern zombie (D:13)
  16 bullfrogs
  2 water moccasin zombies
  6 scorpions
  18 killer bees
  8 wights
  2 centaur zombies
  7 quasits
  3 bullfrog zombies
  8 hounds
  A gnoll shaman (D:6)
  2 jellies
  12 orc priests
  4 centaur skeletons
  Jessica (D:3)
  3 iguanas
  17 orc wizards
  5 worker ants
  Terence (D:3)
  A hound zombie (D:10)
  A hound skeleton (D:6)
  17 gnolls
  A worker ant zombie (D:7)
  12 adders
  2 shadow imps
  5 white imps
  2 ufetubi
  2 oozes
  2 adder skeletons
  4 worms
  4 dart slugs
  3 leopard geckos
  64 orcs
  10 giant cockroaches
  9 goblins
  8 hobgoblins
  6 quokkas
  A ball python (D:3)
  A ball python skeleton (D:6)
  10 bats
  9 frilled lizards
  17 kobolds
  A quokka zombie (D:5)
  6 rats
606 creatures vanquished.

Vanquished Creatures (others)
  2 gnolls (D:6)
  A bush (Lair:5)
  38 fungi
  54 plants
95 creatures vanquished.

Grand Total: 701 creatures vanquished

Table legend:
 A = Non-vault XP
 B = Vault XP
 C = Vault XP percentage of total XP
 D = Non-vault monster count
 E = Vault monster count
 F = Vault count percentage of total count
                 A         B        C        D         E       F
            +---------+---------+-------+---------+---------+-------
      Total |   65514 |   40192 |  38.0 |     493 |     114 |  18.8
            +---------+---------+-------+---------+---------+-------
        D:1 |      59 |       0 |   0.0 |      25 |       0 |   0.0
        D:2 |      44 |       7 |  13.7 |      21 |       4 |  16.0
        D:3 |      91 |     350 |  79.4 |      30 |       3 |   9.1
        D:4 |     250 |       0 |   0.0 |      12 |       0 |   0.0
        D:5 |    1056 |      91 |   7.9 |      30 |       1 |   3.2
        D:6 |    1405 |     359 |  20.4 |      37 |       2 |   5.1
        D:7 |    1210 |       0 |   0.0 |      32 |       0 |   0.0
        D:8 |    1810 |    1237 |  40.6 |      16 |       8 |  33.3
        D:9 |    1675 |       0 |   0.0 |      26 |       0 |   0.0
       D:10 |    1526 |    5648 |  78.7 |      21 |      30 |  58.8
       D:11 |    6253 |     816 |  11.5 |      33 |       1 |   2.9
       D:12 |     602 |    3228 |  84.3 |      10 |       2 |  16.7
       D:13 |    2667 |    4498 |  62.8 |      18 |      11 |  37.9
     Lair:1 |    4579 |     835 |  15.4 |      19 |       1 |   5.0
     Lair:2 |    7094 |    5705 |  44.6 |      30 |      17 |  36.2
     Lair:3 |    7003 |       0 |   0.0 |      31 |       0 |   0.0
     Lair:4 |    5279 |    3787 |  41.8 |      17 |      13 |  43.3
     Lair:5 |   15520 |    4965 |  24.2 |      41 |       8 |  16.3
     Lair:6 |    2986 |       0 |   0.0 |       4 |       0 |   0.0
      Orc:1 |    3573 |    4421 |  55.3 |      27 |       7 |  20.6
      Orc:2 |     832 |    4245 |  83.6 |      13 |       6 |  31.6
            +---------+---------+-------+---------+---------+-------

Illustrated notes

Table legend:
 A = Kills in this place as a percentage of kills in entire the game.
 B = Kills by you in this place as a percentage of kills by you in the entire game.
 C = Kills by friends in this place as a percentage of kills by friends in the entire game.
 D = Other kills in this place as a percentage of other kills in the entire game.
 E = Experience gained in this place as a percentage of experience gained in the entire game.
 F = Experience gained in this place divided by the number of levels of this place that you have seen.
                   A       B       C       D       E      F
               +-------+-------+-------+-------+-------+----------------------
         Total | 100.0 | 100.0 |   N/A | 100.0 | 100.0 | 4804.8
       Dungeon |  61.4 |  61.4 |   N/A | 100.0 |  33.0 | 2683.2
          Lair |  29.8 |  29.9 |   N/A |   0.0 |  54.6 | 9625.5
  Orcish Mines |   8.7 |   8.7 |   N/A |   0.0 |  12.4 | 6535.5
               +-------+-------+-------+-------+-------+----------------------

Table legend: (Time is in decaauts)
 A = Elapsed time spent in this place.
 B = Non-inter-level travel time spent in this place.
 C = Inter-level travel time spent in this place.
 D = Time resting spent in this place.
 E = Time spent auto-exploring this place.
 F = Levels seen in this place.
 G = Mean time per level.
                   A        B        C        D        E       F      G
               +--------+--------+--------+--------+--------+-----+--------+
         Total |  31230 |  29806 |   1424 |    577 |  25537 |  22 | 1419.5 |
       Dungeon |  19105 |  18183 |    922 |    577 |  15324 |  13 | 1469.6 |
        Temple |     81 |     65 |     16 |      0 |     60 |   1 |   81.0 |
          Lair |  10889 |  10443 |    446 |      0 |   9223 |   6 | 1814.8 |
  Orcish Mines |   1155 |   1116 |     39 |      0 |    929 |   2 |  577.5 |
               +--------+--------+--------+--------+--------+-----+--------+

Top non-repeatable levels by time:
  Lair:2: 2629 daAuts
  Lair:5: 2507 daAuts
  Lair:4: 2239 daAuts
    D:10: 2188 daAuts
     D:5: 2181 daAuts
     D:3: 1860 daAuts
     D:8: 1736 daAuts
  Lair:1: 1627 daAuts
  Lair:3: 1558 daAuts
    D:12: 1479 daAuts
     D:7: 1414 daAuts
     D:2: 1309 daAuts
     D:6: 1285 daAuts
    D:13: 1281 daAuts
    D:11: 1235 daAuts
